AoeStats
← danjo

African Clearing

506804256Analyzed
4v4 RM · 17d ago on Sep 15, 2026· 78m 47s· 8 players
Game mode
Random Map
Map size
Large (8 player)
Population
200
Speed
Normal
Resources
Standard
Victory
Conquest
Starting age
Dark Age
Ending age
Imperial Age
RankedLock teamsTeams togetherTeam positionsShared explorationLock speedFull tech treeHidden civsTurbo modeCheats
Victory
Defeat
🇲🇽 Goths · Mexico
1144
+16
🇫🇷 Franks · France
1136
+17
🇳🇴 Saracens · Norway
1118
+18
🇩🇪 Malians · Germany
1110
+17
🇮🇳 Malians · India
1160
-17
🇲🇽 Magyars · Mexico
1152
-17
🇦🇺 Franks · Australia
1152
-17
1145
-17
Hypoli
4:51 Loom
14:13 Feudal Age
15:09 Double-Bit Axe
18:19 Forging
18:15 Scale Barding Armor
27:20 Castle Age
28:48 Iron Casting
28:16 Husbandry
36:27 Pikeman
37:08 Squires
danjo
13:43 Feudal Age
15:14 Loom
18:28 Castle Age
31:52 Fletching
42:39 Imperial Age
40:21 Elite Skirmisher
41:13 Padded Archer Armor
41:05 Fletching
48:19 Murder Holes
52:07 Crossbowman
62:35 Bodkin Arrow
74:20 Scale Mail Armor
74:16 Pikeman
75:52 Forging
76:02 Squires
76:19 Chain Mail Armor
77:16 Iron Casting
Globox
11:42 Loom
13:57 Feudal Age
19:02 Castle Age
17:02 Horse Collar
17:08 Double-Bit Axe
19:45 Heavy Plow
19:55 Bow Saw
30:38 Scale Barding Armor
30:44 Forging
30:46 Bloodlines
31:26 Wheelbarrow
30:56 Gold Mining
30:59 Stone Mining
36:54 Imperial Age
36:04 Hand Cart
35:34 Town Watch
37:14 Gold Shaft Mining
37:39 Chain Barding Armor
37:55 Iron Casting
37:22 Husbandry
38:12 Elite Mameluke
39:13 Conscription
40:06 Plate Barding Armor
41:28 Blast Furnace
41:01 Ballistics
41:44 Fletching
41:52 Murder Holes
42:58 Chemistry
42:05 Siege Engineers
42:10 Masonry
43:22 Counterweights
43:48 Hoardings
43:13 Bodkin Arrow
45:03 Bracer
73:39 Town Patrol
Quimimoshly06
3:02 Loom
12:38 Feudal Age
13:20 Town Watch
13:34 Double-Bit Axe
20:18 Castle Age
18:35 Horse Collar
18:52 Gold Mining
19:21 Stone Mining
21:10 Bow Saw
24:56 Wheelbarrow
28:49 Heavy Plow
34:47 Imperial Age
32:46 Squires
33:05 Anarchy
34:34 Scale Mail Armor
34:45 Forging
35:06 Hand Cart
34:27 Pikeman
35:32 Chain Mail Armor
35:34 Perfusion
35:54 Conscription
35:15 Halberdier
43:08 Iron Casting
42:57 Ballistics
45:24 Elite Huskarl
46:49 Crop Rotation
48:04 Blast Furnace
46:55 Fletching
51:04 Town Patrol
51:16 Bodkin Arrow
52:26 Chemistry
51:37 Masonry
52:06 Man-at-Arms
53:01 Bracer
52:38 Long Swordsman
53:23 Two-Handed Swordsman
53:46 Champion
61:23 Capped Ram
70:09 Fervor
74:48 Two-Man Saw
74:23 Architecture
73:48 Murder Holes
76:04 Sanctity
77:49 Stone Shaft Mining
30多岁才来玩帝国
6:15 Loom
13:17 Feudal Age
13:50 Double-Bit Axe
21:14 Castle Age
19:02 Horse Collar
19:19 Stone Mining
24:50 Bow Saw
24:42 Heavy Plow
28:43 Squires
29:18 Gold Mining
29:52 Bloodlines
29:42 Husbandry
29:59 Forging
29:55 Scale Barding Armor
30:33 Chatras
32:46 Wheelbarrow
33:51 Iron Casting
34:52 Hand Cart
40:59 Imperial Age
39:15 Padded Archer Armor
39:05 Fletching
39:44 Ballistics
39:05 Treadmill Crane
40:16 Stone Shaft Mining
41:11 Capped Ram
43:43 Elite Rattan Archer
44:45 Paper Money
44:03 Elite Battle Elephant
46:52 Chemistry
46:29 Bodkin Arrow
46:49 Leather Archer Armor
51:26 Bracer
51:41 Leather Archer Armor
52:23 Thumb Ring
52:38 Light Cavalry
54:36 Chain Barding Armor
59:49 Crossbowman
61:53 Ring Archer Armor
60:51 Elite Skirmisher
60:57 Elite Skirmisher
61:06 Arbalester
72:03 Cavalier
Jesusssx
7:18 Loom
14:05 Feudal Age
14:48 Double-Bit Axe
14:45 Horse Collar
16:32 Scale Barding Armor
19:50 Bloodlines
23:29 Wheelbarrow
26:23 Castle Age
24:28 Gold Mining
26:12 Fletching
26:23 Padded Archer Armor
27:45 Bow Saw
27:37 Heavy Plow
27:34 Bodkin Arrow
27:55 Leather Archer Armor
30:58 Gold Shaft Mining
30:26 Husbandry
31:30 Ballistics
32:50 Stone Mining
33:22 Hand Cart
41:15 Imperial Age
41:28 Heavy Cavalry Archer
42:35 Parthian Tactics
42:49 Recurve Bow
43:51 Chemistry
42:57 Bracer
43:27 Ring Archer Armor
43:29 Crop Rotation
44:05 Two-Man Saw
44:16 Conscription
49:06 Thumb Ring
73:17 Cavalier
74:44 Paladin
76:08 Light Cavalry
Ghajini
10:11 Loom
12:43 Feudal Age
17:14 Castle Age
15:52 Double-Bit Axe
26:28 Scale Mail Armor
28:36 Wheelbarrow
28:31 Horse Collar
29:09 Chain Mail Armor
29:39 Forging
31:23 Heavy Plow
31:33 Bow Saw
34:38 Hand Cart
38:50 Imperial Age
36:07 Pikeman
38:06 Iron Casting
37:42 Man-at-Arms
38:30 Long Swordsman
42:17 Imperial Age
42:22 Two-Handed Swordsman
48:25 Champion
49:04 Gold Mining
53:41 Plate Mail Armor
61:03 Squires
62:36 Conscription
71:14 Elite Gbeto
72:13 Scale Barding Armor
71:33 Heavy Camel Rider
72:25 Bloodlines
73:28 Chain Barding Armor
73:21 Farimba
Goldy
12:09 Loom
14:30 Feudal Age
18:16 Double-Bit Axe
23:49 Castle Age
22:15 Stone Mining
23:23 Gold Mining
25:26 Fletching
35:24 Wheelbarrow
34:35 Town Watch
35:34 Bow Saw
36:49 Hand Cart
37:48 Gold Shaft Mining
40:53 Imperial Age
38:37 Husbandry
39:36 Scale Barding Armor
39:42 Forging
40:57 Cavalier
41:58 Chain Barding Armor
42:14 Iron Casting
43:31 Ballistics
43:22 Masonry
43:17 Siege Engineers
43:49 Plate Barding Armor
42:45 Paladin
45:15 Blast Furnace
45:40 Coinage
46:23 Light Cavalry
48:20 Architecture
48:51 Chemistry
48:55 Bodkin Arrow
50:28 Hoardings
49:52 Murder Holes
55:31 Padded Archer Armor
59:00 Caravan
61:17 Leather Archer Armor
62:00 Elite Skirmisher
63:09 Imperial Skirmisher
65:26 Fortified Wall
65:07 Guard Tower
65:03 Arrowslits
Connection lost

Rejoining the realm…

Still unreachable

The connection could not be restored.

Session expired

The server has moved on; the page needs a fresh start.